← All builds
Air / Cortex / Economy first / OBSERVED BUILD

Standard air

Cortex Air build order · Supreme Isthmus

Economy-first air build: Aircraft Plant then Advanced Metal Extractor and Fusion Reactor, making transports and scouts for allies while transitioning into fighters and occasional bombers over the whole game.

Usually transports first (78%)

#eco #air #team support · 1506 distinct matches · 252 players · 81% of Cortex Air games · team won 46% of 1811 · Recently observed

HOW TO PLAY IT

Key timing: Aircraft Plant by 1:24

  1. Open 3 mex and wind, then drop Aircraft Plant early.
  2. Finish Aircraft Plant and start fighters for scouting and defense.
  3. Eat the Aircraft Plant once production needs outgrow it.
  4. Get Advanced Metal Extractor up to scale eco.
  5. Bring Fusion Reactor online and keep feeding transports, scouts, fighters to allies.

Phase by phase

TYPICAL OF ITS 1506 GAMES
  1. 1
  2. 2
  3. 3
PLAY THE OPENING

Follow the example game's first 6:00 step by step: what to build now, what comes next, and where it goes. At 1× it keeps pace with your own game.

  1. 1

    Up to the Aircraft Plant

    Economy
    • Metal Extractor3Mex
    • Wind Turbine4Wind
    Order
    1. Aircraft PlantAircraft Plant after 3 mex, 4 winddone ~1:26, middle half 1:14–1:35

    Some games also: energy storage (38%)

    By 1:07 in all: 3 mex · 4 wind

    The example game in this phase · 3 steps
    1. Mex ×3
    2. Wind ×5
    3. Aircraft PlantAircraft Plantdone 1:18 · typical 1:26
  2. 2

    Aircraft Plant to 5:00

    Economy
    • Metal Extractor1Mex
    • Wind Turbine9Wind
    • Wind Turbine3Wind
    Builders
    • Construction Turret2 Con turret
    • Construction Aircraft1 Con aircraft
    Army
    • Valiant5 Valiant
    • Hercules2 Light transport for allies
    • Finch2 Finch for allies
    • Finch1 Finch
    • Hephaestus1 Heavy transport for allies

    Some games also: shuriken (49%) · energy storage (45%) · converter (44%) · light transport (40%)

    By 5:00 in all: 3 mex · 1 mex · 13 wind · 3 wind · 1 energy storage · 2 con turret

    The example game in this phase · 31 steps
    1. FinchFinch
    2. Wind
    3. FinchFinchfor Beach sea
    4. Wind
    5. HerculesLight transportfor Geo sea
    6. ShurikenShurikenfor Geo sea
    7. HephaestusHeavy transportfor Beach sea
    8. Wind ×2
    9. HerculesLight transportfor Pond
    10. ValiantValiant ×2
    11. Wind
    12. Con turret
    13. ShurikenShuriken
    14. Wind
    15. Mex
    16. HerculesLight transportfor Tech
    17. Energy storage
    18. ValiantValiant ×2
    19. ShurikenShuriken
    20. HerculesLight transportfor Pond
    21. ValiantValiant ×2
    22. ShurikenShuriken
    23. HerculesLight transport ×2
    24. ValiantValiant
    25. ShurikenShuriken
    26. Con turret
    27. ShurikenShuriken
    28. ValiantValiant
    29. ShurikenShuriken
    30. ValiantValiant
    31. Con turret
  3. 3

    5:00 to 10:00

    Economy
    • Wind Turbine21Wind
    • Wind Turbine5Wind
    • Energy Converter6Converter
    Order
    1. Aircraft PlantEat Aircraft Plant
    2. Aircraft PlantAircraft Plant after 19 wind, 18 wind, 7 converterin 58% of games
    Builders
    • Construction Turret3 Con turret
    Army
    • Valiant9 Valiant

    Some games also: shuriken (47%) · fusion (38%) · con aircraft (35%) · light transport (31%)

    By 10:00 in all: 3 mex · 1 mex · 25 wind · 20 wind · 8 converter · 1 energy storage

    The example game in this phase · 137 steps
    1. Converter ×2
    2. ValiantValiant
    3. Wind
    4. ValiantValiant
    5. Wind
    6. ValiantValiant
    7. Wind
    8. Construction AircraftCon aircraft
    9. Wind
    10. ValiantValiant
    11. Advanced Metal ExtractorT2 mexdone 6:49 · typical 6:54
    12. ValiantValiant
    13. Aircraft PlantEat Aircraft Plantreclaimed for its metal
    14. Con turret
    15. Advanced Metal ExtractorT2 mex ×2
    16. Aircraft PlantAircraft Plantdone 7:47
    17. Advanced Metal ExtractorT2 mex
    18. ShurikenShuriken ×7
    19. ValiantValiant ×9
    20. Wind
    21. ValiantValiant
    22. Wind
    23. ValiantValiant
    24. Wind
    25. ValiantValiant
    26. Wind
    27. ValiantValiant
    28. Con turret
    29. ValiantValiant
    30. Advanced solar
    31. ValiantValiant ×2
    32. Wind
    33. Con turret
    34. ValiantValiant
    35. Con turret ×2
    36. ValiantValiant
    37. Fusion ReactorFusiondone 10:37 · typical 10:53
    38. ValiantValiant
    39. Con turret
    40. Wind
    41. ValiantValiant
    42. Wind ×2
    43. Aircraft PlantEat Aircraft Plantreclaimed for its metal
    44. T2 converter
    45. Con turret
    46. Wind ×5
    47. Con turret
    48. Wind ×2
    49. Con turret
    50. T2 converter
    51. Wind
    52. Aircraft PlantAircraft Plantdone 11:22
    53. Con turret
    54. FalconFighter
    55. Wind
    56. FalconFighter
    57. T2 converter
    58. FalconFighter
    59. Wind
    60. FalconFighter ×8
    61. Wind
    62. FalconFighter ×2
    63. Wind
    64. FalconFighter ×2
    65. Wind ×2
    66. FalconFighter ×2
    67. Wind
    68. FalconFighter ×2
    69. Wind
    70. FalconFighter
    71. StormbringerBomber
    72. Wind
    73. StormbringerBomber ×2
    74. FalconFighter
    75. Wind
    76. FalconFighter
    77. ArbalestArbalest
    78. Wind
    79. FalconFighter
    80. Wind
    81. FalconFighter ×2
    82. Wind
    83. FalconFighter ×3
    84. Wind
    85. FalconFighter ×2
    86. Wind
    87. FalconFighter ×2
    88. Wind
    89. FalconFighter ×2
    90. BansheeBanshee
    91. Wind
    92. BansheeBanshee ×2
    93. Wind
    94. BansheeBanshee ×5
    95. Wind
    96. BansheeBanshee
    97. Wind
    98. BansheeBanshee
    99. FalconFighter
    100. Wind
    101. FalconFighter ×2
    102. Wind
    103. FalconFighter ×4
    104. Wind ×3
    105. FalconFighter
    106. Wind
    107. FalconFighter ×4
    108. Wind
    109. FalconFighter ×2
    110. Wind
    111. FalconFighter ×2
    112. Wind
    113. FalconFighter ×2
    114. Wind
    115. FalconFighter ×3
    116. Wind
    117. FalconFighter ×2
    118. Wind
    119. FalconFighter ×2
    120. Construction AircraftCon aircraft
    121. Wind
    122. FalconFighter ×2
    123. Wind
    124. FalconFighter
    125. Con turret ×3
    126. Wind
    127. Con turret ×5
    128. StormbringerBomber ×2
    129. Dragon's TeethDragon's Teeth
    130. StormbringerBomber
    131. Dragon's TeethDragon's Teeth ×2
    132. StormbringerBomber
    133. Dragon's TeethDragon's Teeth
    134. StormbringerBomber
    135. Dragon's TeethDragon's Teeth ×2
    136. StormbringerBomber
    137. Dragon's TeethDragon's Teeth

Counts are medians over the build's games: half of them build more, half fewer. The example game is Vaticineur's (33 OS, 13/10/2026); pick another.

Team trades

IN AT LEAST 30% OF ITS GAMES

You hand over

  • Finch2 Finch to Geo sea or Beach seafirst at 1:50 · in 96% of games
  • Hercules3 Light transport to Tech or Geo sea or Beach seafirst at 2:06 · in 99% of games
  • Hephaestus1 Heavy transport to Beach sea or Pond or Techfirst at 2:23 · in 72% of games

You get

  • Wind Turbine3 Wind from Beach sea or Geo seafirst at 1:37 · in 64% of games
  • Wind Turbine3 Wind from Beach sea or Geo sea or Pondfirst at 1:42 · in 46% of games
  • Construction Bot1 Con bot from Techfirst at 2:23 · in 88% of games
  • Advanced Construction Bot1 T2 con bot from Techfirst at 6:05 · in 96% of games

How it plays out

Typical game of this build, running totals by minute

Metal produced

010k20k30k
0:005:0010:0015:00

metal

Enemy metal destroyed

01k2k
0:005:0010:0015:00

metal

Own metal lost

01k2k3k
0:005:0010:0015:00

metal

1811 games.

Show as table
ByMetal produced: This buildEnemy metal destroyed: This buildOwn metal lost: This build
1:0039200
2:0092300
3:00145600
4:002052051
5:0027635173
6:003707102124
7:005089146167
8:006902190219
9:009284230270
10:0011758292380
11:0014356369536
12:0017069512781
13:00198597811102
14:002270412641689
15:002573618132420
WHAT THE NUMBERS SAY

Standard air play wins less than half its games, with very low combat losses and kills since the role mostly supports rather than fights.

  • + Own metal lost stays very low, only 2701 by 15:00.
  • + Metal production reaches 25740 by 15:00, a strong support economy.
  • − Team wins under half of games (47%).
  • − Enemy metal destroyed stays low at 2097 by 15:00, showing little direct impact.
THE EXAMPLE YOU ARE READING

Vaticineur

33.1 OS · 13/10/2026

Open source match ↗

5 received units · includes a constructor
1664 metal received · 208586 energy received

Allied construction assistance is unknown. Timings are observations, not a promise of solo reproducibility.

Typical milestones

Aircraft Plant1:26Middle 50%: 1:14–1:35 · n=1811
Advanced Metal Extractor6:54Middle 50%: 6:27–7:26 · n=1751
Fusion Reactor10:53Middle 50%: 9:45–12:17 · n=1159

Played most by

TheGeneraI114games of this buildDad_The_Speedrunner72games of this buildHunfore62games of this buildDRM52games of this buildMilkdragon52games of this build